 Dungeon Crawl Stone Soup version 0.30-b1-2-g02819fbbbe (webtiles) character file.

Game seed: 14404495239270975361

464 MisterFreud the Trooper (level 7, 0/60 HPs)
             Began as a Gnoll Wanderer on Sept 1, 2023.
             Was a Believer of Nemelex Xobeh.
             Succumbed to a scorpion's poison
             ... on level 3 of the Dungeon.
             The game lasted 00:05:19 (3359 turns).

MisterFreud the Trooper (Gnoll Wanderer)            Turns: 3359, Time: 00:05:19

Health: 0/60       AC:  4    Str: 10    XL:     7   Next: 7%
Magic:  10/10      EV: 12    Int: 11    God:    Nemelex Xobeh [**....]
Gold:   135        SH:  0    Dex: 15    Spells: 10/10 levels left

rFire   . . .        q - +5 club
rCold   . . .        (no shield)
rNeg    . . .        e - +0 leather armour
rPois   .            (no helmet)
rElec   .            (no cloak)
rCorr   .            c - +0 pair of gloves
SInv    .            (no boots)
Will    .....        (no amulet)
Stlth   +++          (no ring)
HPRegen 0.30/turn    (no ring)
MPRegen 0.12/turn

%: no passive effects
@: lethally poisoned (0 -> -10), on berserk cooldown, slowed, very slow
A: fangs 1, strong nose, distributed training
a: Renounce Religion, Draw Escape, Draw Destruction, Draw Summoning


You were on level 3 of the Dungeon.
You worshipped Nemelex Xobeh.
Nemelex Xobeh was pleased with you.
You visited 1 branch of the dungeon, and saw 4 of its levels.

You collected 135 gold pieces.

Inventory:

Hand Weapons
 a - a +0 dagger
 d - a +3 whip
 q - a +5 club (weapon)
Armour
 c - a +0 pair of gloves (worn)
 e - a +0 leather armour (worn)
Jewellery
 n - a ring of flight
Wands
 f - a wand of polymorph (29) (quivered)
 p - a wand of charming (10)
Scrolls
 b - a scroll of fog
 g - a scroll of blinking {unknown}
 l - 2 scrolls of teleportation
 m - a scroll of poison {unknown}
 r - a scroll of vulnerability {unknown}
Potions
 i - a potion of flight
 j - a potion of resistance {unknown}
 k - a potion of magic {unknown}
 o - a potion of might {unknown}


   Skills:
 + Level 7.0 Fighting
 + Level 2.3 Short Blades
 + Level 2.3 Long Blades
 + Level 2.3 Axes
 + Level 2.3 Maces & Flails
 + Level 2.3 Polearms
 + Level 2.3 Staves
 + Level 2.3 Ranged Weapons
 + Level 3.5 Throwing
 + Level 3.5 Armour
 + Level 3.5 Dodging
 + Level 4.8 Stealth
 + Level 2.3 Shields
 + Level 2.3 Unarmed Combat
 + Level 2.3 Spellcasting
 + Level 1.9 Conjurations
 + Level 1.9 Hexes
 + Level 1.9 Summonings
 + Level 1.9 Necromancy
 + Level 1.9 Translocations
 + Level 1.9 Transmutations
 + Level 1.9 Fire Magic
 + Level 1.9 Ice Magic
 + Level 1.9 Air Magic
 + Level 1.9 Earth Magic
 + Level 1.9 Poison Magic
 + Level 2.6 Invocations
 + Level 5.2 Evocations


You had 10 spell levels left.
You didn't know any spells.
Your spell library contained the following spells:

 Spells                   Type           Power      Damage    Failure   Level
 Sandblast                Erth           10%        2d5       17%         1
 Passwall                 Tmut/Erth      4%         N/A       26%         2
 Stone Arrow              Conj/Erth      10%        3d7       45%         3
 Chain Lightning          Conj/Air       2%         3d3       100%        9
 Fire Storm               Conj/Fire      2%         8d1       100%        9
 Shatter                  Erth           2%         3d6*      100%        9


Dungeon Overview and Level Annotations

Branches:
Dungeon (4/15)
 Temple: D:4-7

Altars:
Nemelex Xobeh


Innate Abilities, Weirdness & Mutations

You have very sharp teeth.
Your uncanny sense of smell can sniff out nearby items.
Your experience applies equally to all skills.


Message History

You feel very sick. The scorpion closely misses you.
You hit the scorpion but do no damage. You bite the scorpion.
The scorpion is severely wounded.
You feel very sick. The scorpion stings you.
* * * LOW HITPOINT WARNING * * *
You are lethally poisoned!
The scorpion poisons you! The scorpion barely misses you.
It was a potion of berserk rage.
A red film seems to cover your vision as you go berserk!
You feel yourself moving faster!
You feel mighty!
You feel very sick. The scorpion closely misses you.
You closely miss the scorpion.
The scorpion is severely wounded.
You feel sick. The scorpion stings you.
* * * LOW HITPOINT WARNING * * *
You are lethally poisoned!
The scorpion poisons you!
You sock the scorpion!
You kill the scorpion!
* * * LOW HITPOINT WARNING * * *
You feel very sick.
Your Fighting skill increases to level 7!
You have reached level 7!
Unknown command.
Unknown command.
* * * LOW HITPOINT WARNING * * *
You feel sick.
You feel a strong urge to attack something.
* * * LOW HITPOINT WARNING * * *
You feel very sick.
* * * LOW HITPOINT WARNING * * *
You feel sick.
You feel your anger nearly subside.
You are no longer berserk.
You are exhausted.
You feel yourself slow down.
You die...
Your body glows with a rainbow of weird colours and disappears.

......#.# #.#.
#######.# ######.#.
#.# #......#.## #.#
#.######... #.# #.#
#..# #.# #.#
#..####### #.# #.#
#........#.
#.###.#######..†......
#.........@...#####.#.
#####.#######.# ∆
#...........∆
#########.### #.. ###


There were no monsters in sight!

Vanquished Creatures
  Grinder (D:3)
  A scorpion (D:3)
  An orc priest (D:4)
  A hound (D:3)
  Terence (D:3)
  3 gnolls (D:4)
  4 adders
  2 worms
  3 dart slugs
  4 orcs
  2 endoplasms
  5 giant cockroaches
  5 goblins
  4 hobgoblins
  7 kobolds
  A quokka (D:1)
  3 ball pythons
  3 bats
  5 frilled lizards
  6 rats
62 creatures vanquished.

Notes
Turn   | Place    | Note
-------+----------+-------------------------------------------
     0 | D:1      | MisterFreud the Gnoll Wanderer began the quest for the Orb.
     0 | D:1      | MisterFreud set off with the following items: a +0 dagger,
                  | a scroll of fog, a +0 pair of gloves, a potion of curing, a
                  | +0 leather armour, a wand of polymorph (17).
     0 | D:1      | Reached XP level 1. HP: 23/23 MP: 1/1
   225 | D:1      | Found a faded altar of an unknown god.
   270 | D:1      | Prayed at the altar of an unknown god.
   270 | D:1      | Became a worshipper of Nemelex Xobeh the Trickster
   270 | D:1      | Reached * piety under Nemelex Xobeh
   270 | D:1      | Received a gift from Nemelex Xobeh
   437 | D:1      | Reached XP level 2. HP: 29/29 MP: 2/2
   777 | D:2      | Reached XP level 3. HP: 33/35 MP: 3/3
   901 | D:2      | Received a gift from Nemelex Xobeh
   934 | D:2      | Reached skill level 1 in Invocations
  1106 | D:2      | Reached ** piety under Nemelex Xobeh
  1110 | D:2      | Reached skill level 1 in Short Blades
  1110 | D:2      | Reached skill level 1 in Long Blades
  1110 | D:2      | Reached skill level 1 in Axes
  1110 | D:2      | Reached skill level 1 in Maces & Flails
  1110 | D:2      | Reached skill level 1 in Polearms
  1110 | D:2      | Reached skill level 1 in Staves
  1110 | D:2      | Reached skill level 1 in Ranged Weapons
  1110 | D:2      | Reached skill level 1 in Shields
  1110 | D:2      | Reached skill level 1 in Unarmed Combat
  1110 | D:2      | Reached skill level 1 in Spellcasting
  1337 | D:2      | Reached XP level 4. HP: 14/41 MP: 5/5
  1830 | D:3      | Noticed Terence
  1835 | D:3      | Reached skill level 1 in Conjurations
  1835 | D:3      | Reached skill level 1 in Hexes
  1835 | D:3      | Reached skill level 1 in Summonings
  1835 | D:3      | Reached skill level 1 in Necromancy
  1835 | D:3      | Reached skill level 1 in Translocations
  1835 | D:3      | Reached skill level 1 in Transmutations
  1835 | D:3      | Reached skill level 1 in Fire Magic
  1835 | D:3      | Reached skill level 1 in Ice Magic
  1835 | D:3      | Reached skill level 1 in Air Magic
  1835 | D:3      | Reached skill level 1 in Earth Magic
  1835 | D:3      | Reached skill level 1 in Poison Magic
  1838 | D:3      | Killed Terence
  1865 | D:3      | Noticed Grinder
  1888 | D:3      | Paralysed by Grinder for 5 turns
  1897 | D:3      | Killed Grinder
  1898 | D:3      | Reached skill level 5 in Evocations
  1898 | D:3      | Reached XP level 5. HP: 25/47 MP: 5/8
  1898 | D:3      | Reached XP level 6. HP: 28/53 MP: 5/9
  2155 | D:3      | Noticed Ijyb
  2178 | D:3      | HP: 2/53 [Ijyb/+5 club (10)]
  2629 | D:4      | Received a gift from Nemelex Xobeh
  2819 | D:3      | Ijyb changed into Ijyb the hound
  2819 | D:3      | Noticed Ijyb
  2822 | D:3      | Killed Ijyb the hound
  3356 | D:3      | Reached skill level 7 in Fighting
  3356 | D:3      | Reached XP level 7. HP: 9/60 MP: 10/10
  3358 | D:3      | HP: 3/90 [poisoned by a scorpion]
  3359 | D:3      | Succumbed to a scorpion's poison

Illustrated notes

Levels and vault maps discovered:
D:1:      minmay_arrival_split_and_join, layout_basic,
          chequers_ecumenical_altar_simple_redux, minmay_misc_feat_x,
          kennysheep_nondescript, minmay_strange_pillars, roderic_malta_cross
D:2:      layout_loops_ring
D:3:      layout_basic, uniq_terence, uniq_ijyb, uniq_grinder
D:4:      layout_layer_cave, temple_fountains, uniq_edmund

Skill      XL: |  1  2  3  4  5  6 |
---------------+-------------------+-----
Invocations    | 1 2 |  2.6
Short Blades   | 1 2 |  2.3
Long Blades    | 1 2 |  2.3
Axes           | 1 2 |  2.3
Maces & Flails | 1 2 |  2.3
Polearms       | 1 2 |  2.3
Staves         | 1 2 |  2.3
Ranged Weapons | 1 2 |  2.3
Shields        | 1 2 |  2.3
Unarmed Combat | 1 2 |  2.3
Spellcasting   | 1 2 |  2.3
Conjurations   | 1 |  1.9
Hexes          | 1 |  1.9
Summonings     | 1 |  1.9
Necromancy     | 1 |  1.9
Translocations | 1 |  1.9
Transmutations | 1 |  1.9
Fire Magic     | 1 |  1.9
Ice Magic      | 1 |  1.9
Air Magic      | 1 |  1.9
Earth Magic    | 1 |  1.9
Poison Magic   | 1 |  1.9
Throwing       | 3 |  3.5
Armour         | 3 |  3.5
Dodging        | 3 |  3.5
Evocations     | 5 |  5.2
Fighting       | 7 |  7.0
Stealth        | |  4.8

Action                     |  1- 3 |  4- 6 |  7- 9 || total
---------------------------+-------+-------+-------++-------
  Melee: Dagger            |   124 |    10 |       ||   134
         Bite              |    11 |    16 |       ||    27
         Punch             |     1 |       |       ||     1
         Whip              |       |   104 |       ||   104
         Club              |       |    14 |       ||    14
 Invoke: Draw Destruction  |       |     9 |       ||     9
         Draw Escape       |       |     3 |       ||     3
    Use: Scroll            |     3 |     1 |       ||     4
         Potion            |     1 |     3 |       ||     4
   Stab: Sleeping          |     8 |     8 |       ||    16
 Armour: Leather armour    |    42 |    16 |       ||    58
  Dodge: Dodged            |    75 |    52 |       ||   127
